cohdb
Replays
Latest Replays
All Replays
Popular Replays
Top Player Replays
Match Explorer
How It Works
Community
CoH3 Stats
Reddit
Sign in to upload your games and track your stats! →
Sign in with Steam
Match 29109718
Unlisted
Match 29109718
Overview
Messages
Build Orders
End
Selects Armored Battlegroup
Selects Assault Engineers
Assault Engineer Squad
Assault Engineer Squad
Construct Weapon Support Center
M1919 Machine Gun Team
Selects Strength in Steel
Mechanized Support Center
M3 Armored Personnel Carrier
Assault Engineer Squad
Construct Tank Depot
Selects Field Repairs
Forward Retreat Point
M18 Hellcat Tank Destroyer
Rearm and Retrofit
Selects War Machine
M18 Hellcat Tank Destroyer
M3 Armored Personnel Carrier
M18 Hellcat Tank Destroyer
Forward Retreat Point
.30 cal Machine Gun
Improvised Armor
M18 Hellcat Tank Destroyer
MAOMAO
Futte
Skayrippa
Stofpoeper
Tunichtgut
Shai-Los Pollos Hermanos
Hanaken
Sir Uncle
0
0
Comments
sign in to comment!
No comments posted yet!